 Dungeon Crawl Stone Soup version 0.26.0-10-g1f06aea511 (webtiles) character file.

Game seed: 8972566014435253206

33 night the Chiller (level 3, 0/26 HPs)
             Began as a Draconian Ice Elementalist on Jan 22, 2021.
             Killed from afar by a white imp (6 damage)
             ... with a puff of frost
             ... summoned by Natasha
             ... on level 2 of the Dungeon.
             The game lasted 00:03:01 (1205 turns).

night the Chiller (Draconian Ice Elementalist)      Turns: 1205, Time: 00:03:01

Health: 0/26       AC:  6    Str: 10    XL:     3   Next: 12%
Magic:  1/6        EV: 12    Int: 16    God:
Gold:   118        SH:  0    Dex: 11    Spells: 3/7 levels left

rFire    . . .     SeeInvis .   a - +1 spear (vorpal)
rCold    . . .     Faith    .   (no shield)
rNeg     . . .     Spirit   .   (armour unavailable)
rPois    +         Reflect  .   (helmet restricted)
rElec    .         Harm     .   (no cloak)
rCorr    .         Rampage  .   h - +0 pair of gloves
Will     .....                  (no boots)
Stlth    ++........             (no amulet)
HPRegen  0.08/turn              g - ring of poison resistance
MPRegen  0.10/turn              (no ring)

@: frozen ramparts
A: unfitting armour, cold-blooded, AC +5
a: no special abilities


You were on level 2 of the Dungeon.
You visited 1 branch of the dungeon, and saw 2 of its levels.

You collected 118 gold pieces.

Inventory:

Hand Weapons
 a - a +1 vorpal spear (weapon)
Missiles
 d - 21 arrows
 e - 6 poisoned darts
 i - 2 silver javelins
 j - 24 stones
Armour
 h - a +0 pair of gloves (worn)
Jewellery
 g - a ring of poison resistance (left hand)
 l - a +6 ring of dexterity {unknown}
Scrolls
 b - a scroll of teleportation {unknown}
 c - 2 scrolls of remove curse {unknown}
 f - 4 scrolls of identify {unknown}
Potions
 k - 2 potions of lignification {unknown}


   Skills:
 - Level 1.7 Dodging
 - Level 1.7 Stealth
 + Level 2.5 Spellcasting
 + Level 4.7 Ice Magic


You had 3 spell levels left.
You knew the following spells:

 Your Spells              Type           Power        Failure   Level
a - Freeze                Ice            68%          2%          1
b - Frozen Ramparts       Ice            34%          9%          3

Your spell library contained the following spells:

 Spells                   Type           Power        Failure   Level
 Ozocubu's Armour         Ice            17%          9%          3
 Hailstorm                Conj/Ice       9%           58%         4
 Summon Ice Beast         Ice/Summ       9%           58%         4


Dungeon Overview and Level Annotations

Branches:
Dungeon (2/15)

Altars:

Annotations:
D:2 Natasha


Innate Abilities, Weirdness & Mutations

Your plain brown scales are hard. (AC +5)
You cannot fit into any form of body armour.
You are cold-blooded and may be slowed by cold attacks.


Message History

Press: ? - help, Shift-Dir - straight line, f - leopard gecko
Aim: a leopard gecko (almost dead, slow)
You freeze the leopard gecko.
You kill the leopard gecko!
Natasha mumbles some strange words.
The white imp resists.
The wall freezes the white imp.
Casting: Freeze (safe; 2% risk of failure)
Confirm with . or Enter, or press ? or * to list all spells.
Aiming: Freeze (safe; 2% risk of failure)
Press: ? - help, Shift-Dir - straight line, f - white imp
Aim: a white imp (lightly wounded, summoned)
The white imp resists.
You freeze the white imp.
The white imp is moderately wounded.
Natasha claws you.
* * * LOW HITPOINT WARNING * * *
The white imp completely resists.
The wall freezes the white imp but does no damage.
The white imp gestures at you. The puff of frost hits you.
You die...

#.............####..
#.#.#.#.#.....#
##........#...#
+....<##.....# .
#.....###....# ...
#......##....#
....#.....5###.###
........h.)###..#
..?.....5@......#
...#...#####.....# #
#... ...... .....
..... #.#... .....
.. #### .... . ..#.


You could see Natasha and 2 white imps.

Vanquished Creatures
  An ooze (D:1)
  A leopard gecko (D:2)
  A ball python (D:2)
  A giant cockroach (D:1)
  5 goblins (D:1)
  3 hobgoblins
  3 kobolds (D:1)
  A quokka (D:2)
  4 bats
  2 frilled lizards (D:1)
  4 rats
26 creatures vanquished.

Notes
Turn   | Place    | Note
-------+----------+-------------------------------------------
     0 | D:1      | night the Draconian Ice Elementalist began the quest for
                  | the Orb.
     0 | D:1      | Reached XP level 1. HP: 14/14 MP: 3/3
   192 | D:1      | Reached XP level 2. HP: 13/20 MP: 0/5
  1142 | D:2      | Reached XP level 3. HP: 23/26 MP: 4/6
  1146 | D:2      | Learned a level 3 spell: Frozen Ramparts
  1183 | D:2      | Noticed Natasha
  1205 | D:2      | Killed from afar by a white imp

Illustrated notes

Levels and vault maps discovered:
D:1:      shiori_shiawase, layout_basic
D:2:      layout_basic, grunt_ministairs_12, hex_medium, uniq_natasha

Action                   || total
-------------------------++-------
Melee: Spear             ||    47
       Tailslap          ||     2
 Cast: Freeze            ||    17
       Frozen Ramparts   ||     1
 Stab: Sleeping          ||     4
Armor: Skin              ||     9
Dodge: Dodged            ||    32
